Map: [EWC] Amphion

Players

Cure - Winner!

  • Race: Terran Terran
  • Spawn Location: 7:00

Reynor

  • Race: Zerg Zerg
  • Spawn Location: 11:00

Event: Esports World Cup 2024

VOD

Have the link to the VOD?

Description

Time

  • Played on: Aug. 14, 2024, 1:14 p.m.
  • Length: 11:07

All games in this series

Show
View Real Time Build Order
Export as new Build Order

Cure Terran - Winner!

Build Orders: Reaper Expand 

Get SALT Encoding   

  12  0:00  SCV  
  13  0:12  SCV  
  14  0:17  Supply Depot  
  14  0:24  SCV  
  15  0:39  SCV  
  15  0:41  Barracks  
  16  0:44  Refinery  
  16  0:51  SCV  
  17  1:03  SCV  
  18  1:15  SCV  
  19  1:28  Orbital Command, Reaper  
  20  1:41  Command Center  
  20  1:48  Supply Depot  
  20  1:53  SCV  
  21  1:59  Marine  
  22  2:05  SCV  
  23  2:12  Factory  
  23  2:17  Marine  
  23  2:18  SCV  
  25  2:30  SCV  
  25  2:37  Barracks Reactor  
  26  2:42  SCV  
  27  2:47  Command Center  
  27  2:53  Orbital Command  
  27  2:54  SCV  
  28  3:02  Starport  
  28  3:06  SCV  
  28  3:11  Refinery  
  29  3:16  Hellion  
  29  3:19  Hellion  
  33  3:22  SCV  
  33  3:23  SCV  
  33  3:26  Barracks Tech Lab  
  35  3:34  SCV  
  35  3:35  SCV  
  35  3:40  Hellion  
  38  3:42  Orbital Command  
  38  3:54  Hellion  
  38  3:57  SCV  
  38  3:59  Banshee  
  38  4:00  Orbital Command  
  38  4:01  Barracks Tech Lab  
  44  4:02  Hellion  
  44  4:08  SCV  
  44  4:09  SCV  
  46  4:19  Marine, Stimpack  
  46  4:20  SCV  
  46  4:21  SCV  
  49  4:26  Barracks  
  49  4:27  SCV  
  50  4:31  Supply Depot  
  50  4:32  SCV  
  50  4:36  SCV  
  50  4:37  Marine  
  53  4:39  SCV  
  53  4:44  SCV  
  55  4:46  Barracks  
  55  4:48  SCV  
  55  4:49  Starport Reactor  
  56  4:55  Marine  
  56  4:56  SCV, Engineering Bay x2  
  56  4:57  Supply Depot  
  58  5:00  Siege Tank  
  58  5:01  SCV  
  62  5:11  SCV  
  62  5:12  Orbital Command, Marine  
  62  5:13  SCV  
  65  5:14  Marine x2, Refinery  
  65  5:16  Refinery  
  65  5:17  Barracks  
  67  5:24  Terran Infantry Weapons Level 1, Terran Infantry Armor Level 1, SCV  
  67  5:26  Supply Depot, SCV  
  69  5:32  Barracks  
  69  5:39  Marine x4  
  69  5:40  Bunker  
  69  5:41  Starport Reactor  
  73  5:48  Marine  
  74  5:51  Bunker  
  74  5:54  Siege Tank  
  74  5:56  Marine x2  
  74  5:57  Marine x2  
  79  6:04  SCV x2  
  79  6:05  Combat Shield, SCV  
  79  6:06  Marine  
  79  6:08  Barracks Reactor  
  83  6:13  Supply Depot  
  83  6:14  Marine x2  
  83  6:15  Supply Depot  
  83  6:18  Supply Depot x2  
  85  6:24  Supply Depot  
  85  6:30  Barracks Reactor  
  85  6:36  Marine  
  85  6:37  SCV x3, Armory, Medivac x2  
  85  6:39  Marine  
  94  6:41  Supply Depot  
  94  6:43  Siege Tank, Marine x3  
  94  6:44  Supply Depot  
  100  6:49  SCV  
  100  6:50  SCV x2  
  103  6:54  Marine  
  103  6:57  Marine, Refinery  
  103  7:00  Marine  
  103  7:01  SCV, Marine x4  
  107  7:02  SCV x2  
  107  7:07  Medivac x2  
  117  7:09  Barracks  
  117  7:11  Barracks  
  117  7:14  Barracks  
  117  7:17  SCV x3  
  120  7:23  Supply Depot  
  120  7:25  Supply Depot, Siege Tank  
  123  7:31  Marine x4, Marauder  
  123  7:33  Terran Infantry Weapons Level 2  
  123  7:35  Terran Infantry Armor Level 2  
  123  7:36  Marine x2  
  130  7:41  Supply Depot  
  131  7:47  Marine x2  
  131  7:49  Marine x2  
  131  7:50  Medivac x2  
  139  7:53  Marauder  
  139  7:57  Supply Depot x2  
  141  8:00  Barracks Tech Lab x2, Marine  
  142  8:08  Barracks Tech Lab, Marine x4  
  142  8:09  Marine x2  
  148  8:14  Marauder  
  150  8:23  Marauder  
  150  8:24  Siege Tank, Marauder, Medivac x2  
  161  8:27  Marine x2  
  163  8:34  Supply Depot  
  163  8:36  Supply Depot  
  163  8:37  Marine x3, Marauder  
  163  8:38  Concussive Shells, Marauder  
  163  8:40  Marine  
  171  8:45  Marauder  
  171  8:47  Marine  
  173  8:55  Marine x2  
  173  8:56  Marauder  
  173  8:59  Marauder  
  173  9:01  Marine x2  
  173  9:02  Marine x2, Marauder  
  185  9:04  Siege Tank  
  188  9:19  Marauder  
  188  9:20  Supply Depot  
  188  9:23  Marine x4, Marauder x2  
  162  9:26  Marine x2  
  162  9:27  Marine x2, Marauder  
  143  9:36  Siege Tank  
  143  9:37  Medivac x2  
  147  9:40  Marine x4, Marauder  
  147  9:44  Marine, Marauder  
  147  9:45  Marauder  
  158  9:52  Marine x3, Marauder  
  159  9:58  Marine x4  
  161  10:02  Marauder  
  161  10:04  Marine  
  161  10:06  Marauder x2  
  165  10:09  Marine  
  161  10:18  Marine x6  
  161  10:19  Marauder  
  161  10:20  Siege Tank  
  169  10:23  Marauder, Medivac x2  
  169  10:27  Marauder  
  172  10:39  Marine x4  
  172  10:40  Marauder x2  
  179  10:43  Marine x4  
  179  10:44  Marauder  
Show
View Real Time Build Order
Export as new Build Order

Reynor Zerg 

Build Orders: Pool First 

Get SALT Encoding   

  12  0:00  Drone  
  13  0:12  Overlord  
  13  0:17  Drone  
  14  0:31  Drone x2  
  14  0:34  Drone  
  17  0:45  Drone, Extractor  
  17  0:50  Spawning Pool  
  17  0:56  Drone  
  17  1:06  Drone  
  18  1:19  Hatchery  
  18  1:23  Drone  
  18  1:36  Queen  
  18  1:38  Zergling x2  
  21  1:46  Metabolic Boost  
  21  1:53  Overlord  
  22  2:01  Drone  
  22  2:12  Queen  
  24  2:16  Drone x2  
  24  2:22  Zergling x2  
  27  2:30  Queen  
  27  2:31  Zergling x2  
  27  2:34  Drone  
  31  2:47  Zergling x4  
  31  2:50  Overlord  
  33  2:54  Zergling x2  
  33  2:55  Drone  
  35  3:00  Drone  
  35  3:04  Overlord  
  36  3:12  Hatchery  
  35  3:14  Drone  
  35  3:17  Drone  
  37  3:21  Drone  
  37  3:25  Drone x2  
  40  3:27  Drone  
  40  3:30  Drone  
  40  3:31  Drone  
  43  3:34  Drone  
  43  3:40  Queen  
  46  3:44  Overlord  
  46  3:49  Drone x2  
  46  3:50  Drone  
  46  3:51  Drone  
  46  3:54  Drone  
  49  3:58  Queen  
  51  4:04  Drone x2  
  53  4:10  Overlord  
  53  4:12  Roach Warren  
  52  4:18  Drone x5  
  52  4:23  Drone  
  58  4:25  Extractor  
  58  4:30  Overlord  
  57  4:34  Drone  
  57  4:35  Extractor  
  57  4:44  Overlord  
  57  4:53  Roach x8  
  57  4:54  Roach  
  57  4:56  Zergling x2  
  57  4:58  Overlord  
  76  5:01  Zergling x6  
  76  5:05  Overlord  
  79  5:08  Zergling x4  
  79  5:12  Zergling x6  
  79  5:13  Zergling x2  
  85  5:17  Zergling x2  
  86  5:21  Zergling x8  
  86  5:26  Overlord  
  90  5:29  Zergling x2  
  90  5:31  Zergling x6  
  94  5:39  Lair  
  94  5:41  Zergling x2  
  94  5:42  Zergling x8  
  99  5:45  Ravager x4  
  103  5:50  Drone x3  
  103  5:54  Overlord  
  103  5:56  Drone  
  105  5:59  Drone  
  105  6:03  Drone, Evolution Chamber  
  104  6:04  Drone  
  104  6:09  Drone x3  
  104  6:10  Drone  
  109  6:13  Drone x3  
  109  6:16  Overlord  
  109  6:18  Drone  
  113  6:20  Drone  
  114  6:30  Evolution Chamber  
  114  6:32  Zerg Ground Armor Level 1  
  113  6:34  Drone x2  
  113  6:36  Hatchery, Drone x2  
  113  6:38  Drone  
  117  6:40  Overseer  
  117  6:44  Drone  
  117  6:45  Drone  
  117  6:46  Baneling Nest  
  117  6:47  Drone x2  
  120  6:48  Drone  
  120  6:49  Drone  
  120  6:51  Extractor  
  120  6:52  Extractor  
  120  6:55  Zerg Melee Weapons Level 1  
  120  6:56  Overlord  
  120  6:57  Drone x2  
  122  7:03  Roach x4  
  122  7:05  Glial Reconstitution  
  122  7:07  Overlord  
  130  7:16  Overlord  
  130  7:17  Roach x4  
  130  7:19  Overlord  
  138  7:25  Overlord  
  138  7:26  Zergling x8  
  138  7:29  Centrifugal Hooks  
  142  7:31  Zergling x6  
  142  7:34  Baneling x7  
  142  7:35  Ravager  
  145  7:38  Zergling x4  
  145  7:44  Drone x4  
  151  7:45  Overseer  
  151  7:52  Drone x3  
  151  7:53  Overlord  
  151  7:56  Zergling x6, Infestation Pit  
  156  7:59  Overseer  
  156  8:00  Zergling x10  
  156  8:04  Zergling x8  
  165  8:08  Overlord  
  165  8:10  Baneling x6  
  165  8:11  Zergling x2  
  166  8:13  Drone  
  166  8:14  Drone  
  166  8:19  Drone  
  169  8:21  Drone  
  169  8:24  Zergling x8  
  174  8:29  Overlord  
  174  8:30  Zergling x4  
  174  8:31  Zergling x6  
  179  8:38  Zergling x14  
  184  8:43  Overlord  
  184  8:44  Drone x2  
  184  8:47  Hive  
  184  8:53  Zergling x6  
  186  8:59  Baneling  
  186  9:00  Baneling x11  
  186  9:02  Hatchery, Zergling x4  
  187  9:03  Zergling x2  
  189  9:10  Zergling x16  
  196  9:20  Zergling x2  
  196  9:23  Zergling x16  
  165  9:25  Queen  
  165  9:29  Zergling x6  
  165  9:30  Zergling x2  
  147  9:36  Zergling x8  
  143  9:41  Ravager x3, Roach x2  
  143  9:43  Queen  
  143  9:44  Baneling x8  
  152  9:47  Zergling x2  
  152  9:50  Zergling x2  
  152  9:52  Zergling x4  
  144  9:57  Zergling x8  
  137  10:02  Viper  
  137  10:04  Zergling x4  
  137  10:06  Zergling x2  
  140  10:09  Zergling x2  
  140  10:13  Zergling x2, Roach x2  
  138  10:14  Zergling x2  
  138  10:17  Zergling x2  
  138  10:18  Zergling x2  
  138  10:21  Zergling x2  
  141  10:25  Zergling x4  
  141  10:26  Zergling x2  
  144  10:29  Zergling x4  
  144  10:33  Zergling x2  
  134  10:36  Zergling x6  
  134  10:38  Zergling x4  
  134  10:39  Baneling  
  134  10:40  Baneling x7  
  134  10:43  Zergling x6  
  134  10:44  Zergling x4  
  134  10:46  Zergling x6  
  134  10:47  Zergling x2  
  137  10:51  Drone  
  137  10:52  Drone  
Tags
 
Add a new tag
Caveats
  • Supply blocks, unpowered buildings, or Contaminate may cause inaccurate times.
  • Supply counts are checked every 10 seconds.